AoeStats
← Gim

MegaRandom

508424150Analyzed
4v4 RM · 8d ago on Sep 22, 2026· 32m 58s· 8 players
Game mode
Random Map
Map size
Large (8 player)
Population
200
Speed
Normal
Resources
Standard
Victory
Conquest
Starting age
Dark Age
Ending age
Imperial Age
RankedLock teamsTeams togetherTeam positionsShared explorationLock speedFull tech treeHidden civsTurbo modeCheats
Victory
Defeat
🇩🇪 Mapuche · Germany
1388
+12
🇲🇴 Wei · Macao SAR China
1385
+12
🇺🇸 Armenians · United States
1375
+13
1366
+13
🇯🇵 Mongols · Japan
1340
-15
🇨🇳 Italians · China
1297
-12
🇨🇳 Slavs · China
1296
-12
🇨🇳 Huns · China
1274
-11
PeterWong1988
4:29 Loom
11:24 Feudal Age
15:24 Castle Age
14:49 Horse Collar
15:49 Bloodlines
17:52 Husbandry
19:07 Fletching
21:15 Padded Archer Armor
25:07 Ballistics
26:19 Bodkin Arrow
28:56 Leather Archer Armor
Gim
11:06 Feudal Age
14:41 Castle Age
12:43 Double-Bit Axe
15:40 Loom
20:14 Loom
21:45 Detinets
24:07 Wheelbarrow
25:02 Horse Collar
27:19 Scale Barding Armor
OceaN X
2:43 Loom
11:59 Feudal Age
19:46 Castle Age
32:34 Horse Collar
勇敢牛牛
9:07 Loom
11:34 Feudal Age
12:13 Double-Bit Axe
15:00 Castle Age
14:21 Gold Mining
16:09 Wheelbarrow
17:07 Fletching
20:12 Bodkin Arrow
22:22 Padded Archer Armor
25:20 Ballistics
meh
10:11 Feudal Age
11:35 Loom
14:04 Castle Age
13:05 Double-Bit Axe
13:02 Horse Collar
13:39 Fletching
18:16 Gold Mining
19:19 Bodkin Arrow
19:27 Town Watch
べにいろもみじ
2:31 Loom
10:46 Feudal Age
15:04 Double-Bit Axe
15:04 Horse Collar
20:28 Castle Age
20:50 Scale Barding Armor
20:56 Forging
21:45 Husbandry
22:51 Medium Warships
23:47 Heavy Plow
25:25 Wheelbarrow
30:43 Chain Barding Armor
34:58 Imperial Age
NEO
11:00 Feudal Age
15:10 Castle Age
13:24 Double-Bit Axe
13:22 Horse Collar
14:28 Fletching
14:40 Padded Archer Armor
14:30 Loom
24:36 Bodkin Arrow
27:27 Ballistics
27:54 Leather Archer Armor
28:56 Malon
31:10 Bow Saw
31:01 Heavy Plow
屁屁人
1:44 Loom
10:10 Feudal Age
10:46 Double-Bit Axe
13:08 Fishing Lines
13:37 Fletching
15:00 Horse Collar
17:46 Padded Archer Armor
20:44 Castle Age
19:44 Gold Mining
21:32 Bodkin Arrow
21:41 Husbandry
21:52 Bloodlines
22:33 Gillnets
24:24 Leather Archer Armor
25:03 Ballistics
24:30 Town Watch
27:14 Wheelbarrow
27:23 Thumb Ring
31:11 Hand Cart
32:41 Bow Saw
32:32 Heavy Plow
36:04 Imperial Age
Connection lost

Rejoining the realm…

Still unreachable

The connection could not be restored.

Session expired

The server has moved on; the page needs a fresh start.